 Dungeon Crawl Stone Soup version 0.29.0-4-gdea44cf6ec (webtiles) character file.

Game seed: 16091554002483771644

35 qw the Chopper (level 3, 0/21 HPs)
             Began as a Tengu Warper on Aug 28, 2022.
             Killed by nerve-wracking pain
             ... invoked by Jessica
              (14 damage)
             ... on level 2 of the Dungeon.
             The game lasted 00:00:07 (1358 turns).

qw the Chopper (Tengu Warper)                       Turns: 1358, Time: 00:00:07

Health: 0/21       AC:  6    Str: 13    XL:     3   Next: 35%
Magic:  7/7        EV:  9    Int: 13    God:
Gold:   90         SH:  0    Dex: 13    Spells: 6/6 levels left

rFire   . . .      SeeInvis .   Y - +0 hand axe
rCold   . . .      Faith    .   (no shield)
rNeg    . . .      Spirit   .   g - +0 scale mail
rPois   .          Reflect  .   (helmet restricted)
rElec   .          Harm     .   (no cloak)
rCorr   .          Rampage  .   (no gloves)
Will    .....                   (boots unavailable)
Stlth   ..........              (no amulet)
HPRegen 0.07/turn               (no ring)
MPRegen 0.10/turn               (no ring)

@: slowed, very slow
A: beak, talons 3
a: no special abilities


You were on level 2 of the Dungeon.
You visited 1 branch of the dungeon, and saw 2 of its levels.

You collected 90 gold pieces.


Innate Abilities, Weirdness & Mutations

You have a beak for a mouth.
You have claws for feet.


   Skills:
 - Level 2.0 Fighting
 + Level 4.1 Axes
 - Level 1.0 Throwing
 - Level 1.1 Armour
 - Level 2.1 Dodging
 - Level 2.0 Spellcasting
 - Level 2.4 Translocations


You had 6 spell levels left.
You didn't know any spells.
Your spell library contained the following spells:

 Spells                   Type           Power      Damage    Failure   Level
 Blink                    Tloc           14%        N/A       56%         2
 Gell's Gravitas          Tloc           7%         N/A       80%         3
 Lesser Beckoning         Tloc           7%         N/A       80%         3
 Teleport Other           Tloc           7%         N/A       80%         3
 Manifold Assault         Tloc           7%         N/A       100%        5

Inventory:

Hand Weapons
 d - a +0 club
 Y - a +0 hand axe (weapon)
Armour
 g - a +0 scale mail (worn)
Potions
 f - a potion of curing

Dungeon Overview and Level Annotations

Branches:
Dungeon (2/15)

Altars:

Annotations:
D:2 Jessica


Message History

You hit the bat. You claw the bat.
You kill the bat!
A kobold comes into view. It is wielding a +0 dagger.
The kobold shouts!
The kobold throws a stone.
The stone misses you.
The kobold throws a stone.
The stone closely misses you.
The kobold throws a stone.
The stone barely misses you.
The kobold throws a stone.
The stone barely misses you.
Jessica the Apprentice Sorceress comes into view.
She is wielding a +0 dagger.
Jessica shouts!
The kobold hits you but does no damage.
You hit the kobold but do no damage. You peck the kobold.
You kill the kobold!
Jessica points at you and mumbles some strange words.
Pain shoots through your body!
1352 ||| FLEEEEING.
1353 ||| FLEEEEING.
Jessica mumbles some strange words.
Jessica blinks!
You barely miss Jessica. Your peck misses Jessica.
Jessica hits you but does no damage.
You hit Jessica.
Jessica is lightly wounded.
Jessica points at you and mumbles some strange words.
You resist with some effort. Jessica gestures at you while chanting.
Pain shoots through your body!
You hit Jessica. You peck Jessica.
Jessica is severely wounded.
Jessica gestures at you while chanting.
You feel yourself slow down.
You hit Jessica but do no damage. Your kick misses Jessica.
Jessica is severely wounded.
Jessica barely misses you.
You barely miss Jessica. Your kick misses Jessica. Your peck misses Jessica.
Jessica is severely wounded.
Jessica points at you and mumbles some strange words.
Pain shoots through your body!
Ouch! That really hurt!
You die...

####......... ##..7...7..#
####<######## #...^.......
............ #.....7.....
............ #..>.....>..
###....########.....7.....
..............#..)...$....
......#######.##..7...7..#
......'........##.......#
......######....@@.#+#.##
####### ###...........
#....##..##. +...## #....
#...# #..# #.... ..#
#..... .# ....#..


You could see Jessica.

Vanquished Creatures
  2 ball pythons (D:1)
  3 endoplasms (D:1)
  A giant cockroach (D:1)
  2 hobgoblins
  4 jackals (D:1)
  6 kobolds
  A quokka (D:1)
  4 bats
  5 goblins (D:1)
  A rat (D:1)
29 creatures vanquished.

Notes
Turn   | Place    | Note
-------+----------+-------------------------------------------
     0 | D:1      | qw the Tengu Warper began the quest for the Orb.
     0 | D:1      | Reached XP level 1. HP: 12/12 MP: 4/4
     0 | D:1      | 0 ||| qw: Version: 0.1-a-89-g26bdef1
     0 | D:1      | 0 ||| qw: Game counter: 1434
     0 | D:1      | 0 ||| qw: Always use a shield: true
     0 | D:1      | 0 ||| qw: God list: Okawaru
     0 | D:1      | 0 ||| qw: Allow faded altars: false
     0 | D:1      | 0 ||| qw: Do Orc after D:15 true
     0 | D:1      | 0 ||| qw: Do second Lair branch before Depths: true
     0 | D:1      | 0 ||| qw: Lair rune preference: random
     0 | D:1      | 0 ||| qw: Plans: Normal
     0 | D:1      | 0 ||| PLANNING D:1-11
   271 | D:1      | 271 ||| Stepping ~*~*~tactically~*~*~ (stealth).
   368 | D:1      | Reached XP level 2. HP: 17/17 MP: 6/6
   370 | D:1      | 370 ||| Stepping ~*~*~tactically~*~*~ (stealth).
   372 | D:1      | 372 ||| Stepping ~*~*~tactically~*~*~ (stealth).
   377 | D:1      | Reached skill level 3 in Axes
   402 | D:1      | 402 ||| UPGRADING to +0 scale mail.
   601 | D:1      | 601 ||| DROPPING +0 leather armour.
   639 | D:1      | 639 ||| DROPPING amulet of faith.
   826 | D:1      | 826 ||| DROPPING scarf of invisibility.
   831 | D:1      | Reached XP level 3. HP: 21/21 MP: 7/7
   890 | D:1      | 890 ||| READING scroll labelled CURIRGHYOTH.
   891 | D:1      | 891 ||| DRINKING 2 lumpy orange potions.
   948 | D:1      | 948 ||| Stepping ~*~*~tactically~*~*~ (stealth).
  1018 | D:1      | Reached skill level 4 in Axes
  1184 | D:1      | 1184 ||| DROPPING scroll of blinking.
  1349 | D:2      | Noticed Jessica
  1352 | D:2      | 1352 ||| FLEEEEING.
  1353 | D:2      | 1353 ||| FLEEEEING.
  1358 | D:2      | Killed from afar by Jessica

Levels and vault maps discovered:
D:1:      matt_arrival_grand_opening, layout_basic, serial_glass,
          glass_columns_b, glass_columns_b, glass_columns_b, glass_columns_a,
          glass_columns_b, glass_columns_a, glass_columns_a, glass_columns_b,
          glass_columns_c, glass_columns_b, item_on_display_a
D:2:      layout_basic, grunt_ministairs_10, palyth_stone_intersect,
          uniq_jessica

Skill      XL: |  1  2  3 |
---------------+----------+-----
Axes           | 3 4 |  4.1
Fighting       | |  2.0
Throwing       | |  1.0
Armour         | |  1.1
Dodging        | |  2.1
Spellcasting   | |  2.0
Translocations | |  2.4

Action                   || total
-------------------------++-------
Melee: Hand axe          ||    62
       Peck              ||     6
       Kick              ||    10
       Punch             ||     1
Throw: Boomerang         ||     7
  Use: Scroll            ||     1
       Potion            ||     1
Armor: Leather armour    ||     3
       Scale mail        ||    10
Dodge: Dodged            ||    28

Table legend:
 A = Non-vault XP
 B = Vault XP
 C = Vault XP percentage of total XP
 D = Non-vault monster count
 E = Vault monster count
 F = Vault count percentage of total count
                 A         B        C        D         E       F
            +---------+---------+-------+---------+---------+-------
      Total |      48 |       3 |   5.9 |      27 |       2 |   6.9
            +---------+---------+-------+---------+---------+-------
        D:1 |      46 |       0 |   0.0 |      26 |       0 |   0.0
        D:2 |       2 |       3 |  60.0 |       1 |       2 |  66.7
            +---------+---------+-------+---------+---------+-------
